[Event "Early-Titled-Tuesday-Blitz-May-28-2024"]
[Site "Chess.com"]
[Date "2024.05.28"]
[Round "3"]
[White "David_Arutinian"]
[Black "maximnovik"]
[Result "1-0"]
[WhiteElo "2840"]
[BlackElo "2527"]
[TimeControl "180+1"]
[EndTime "8:28:24 PDT"]
[Termination "David_Arutinian won by resignation"]

1. Nf3 Nf6 2. c4 g6 3. Nc3 d5 4.
cxd5 Nxd5 5. d3 Bg7 6. Bd2 c5 7. g3 Nc6 8. Bg2 O-O 9. O-O Nxc3 10. Bxc3 Bxc3 11. bxc3 Qc7 12. Qa4 b6 13. Qh4 Bb7 14.
Ng5 h5 15. a4 Kg7 16. f4 e6 17. Ne4 Qe7 18. Qxe7 Nxe7 19. a5 Nf5 20. Rfb1 Rfb8 21. axb6 axb6 22. Rxa8 Bxa8 23. Nxc5 Bxg2 24. Kxg2 b5 25.
Kf2 Nd6 26. e4 Rc8 27. d4 Ra8 28. e5 Nc4 29. Rxb5 Ra2+ 30. Kf3 Rxh2 31. Rb7 Kg8 32. Ne4 Nd2+ 33. Nxd2 Rxd2 34. Rc7 Rd3+ 35. Kg2 Kf8 36.
Kh3 Kg7 37. Rc8 Re3 38. c4 Rd3 39. Rd8 Rc3 40. c5 Rc2 41. Rd7 Kg8 42. Rd6 Kg7 43.
Rd7 Kg8 44. g4 Rc3+ 45. Kh4 Rf3 46. gxh5 Rxf4+ 47. Kg5 Rf5+ 48. Kg4 Rxh5 49. c6 Rh1 50. c7 Rc1 51. Rd8+ 1-0

[Event "Early-Titled-Tuesday-Blitz-May-28-2024"]
[Site "Chess.com"]
[Date "2024.05.28"]
[Round "3"]
[White "Ramosha"]
[Black "SoCalJuniorChess"]
[Result "1/2-1/2"]
[WhiteElo "2550"]
[BlackElo "2231"]
[TimeControl "180+1"]
[EndTime "8:28:25 PDT"]
[Termination "Game drawn by repetition"]

1. Nf3 Nf6 2. e3 c5 3. b3 Nc6 4. Bb2 g6 5. Bxf6 exf6 6. d4 cxd4 7. exd4 d5 8. Be2 Bg7 9. O-O O-O 10. c3 f5 11.
Nbd2 f4 12. Rc1 Bf5 13. Re1 Qa5 14. a4 Rfe8 15. b4 Qc7 16. Nb3 b6 17. Qd2 a5 18. b5 Nd8 19. h3 Nb7 20. Bd3 Bxd3 21. Qxd3 Nd6 22. Nbd2 Rxe1+ 23. Rxe1 Re8 24. Rxe8+ Nxe8 25.
Kf1 Qe7 26. Nb1 Nd6 27. Nfd2 Ne4 28. Qe2 Nxd2+ 29. Qxd2 Qc7 30. Qd3 Kf8 31. Nd2 Qe7 32. c4 Qb4 33. cxd5 Bxd4 34. Nc4 Qc5 35. d6 Qd5 36. f3 Ke8 37. Nxb6 Qxd6 38. Nc4 Qf6 39. Qe4+ Kf8 40. Qa8+ Kg7 41. Qxa5 Qe6 42. Qc7 Qf5 43. Qe7 Qb1+ 44. Qe1 Qd3+ 45. Qe2 Qb1+ 46. Qe1 Qd3+ 47.
Qe2 Qb1+ 48. Qe1 1/2-1/2

[Event "Early-Titled-Tuesday-Blitz-May-28-2024"]
[Site "Chess.com"]
[Date "2024.05.28"]
[Round "3"]
[White "alex1531"]
[Black "TatjanaVasilevich"]
[Result "1-0"]
[WhiteElo "2451"]
[BlackElo "2598"]
[TimeControl "180+1"]
[EndTime "8:28:27 PDT"]
[Termination "alex1531 won by checkmate"]

1. d4 Nf6 2. Bg5 e6 3. e4 h6 4.
Bxf6 Qxf6 5. c3 d6 6. Nd2 e5 7.
Ngf3 Nc6 8. d5 Ne7 9. Bb5+ Kd8 10. Qe2 g5 11. O-O-O Ng6 12. g3 g4 13. Ne1 h5 14. Kb1 a6 15. Ba4 Bh6 16. c4 Rb8 17.
Nd3 Bxd2 18. Qxd2 Ne7 19. c5 Qg6 20. Rhe1 f5 21. cxd6 cxd6 22. Ka1 fxe4 23. Nxe5 dxe5 24. d6 Nc6 25. d7 Kc7 26. dxc8=Q+ Rbxc8 27. Bxc6 bxc6 28. Qa5+ Kb8 29. Qb6+ Ka8 30. Qxa6+ Kb8 31. Qb6+ Ka8 32. Rd7 Rh7 33. Qb7# 1-0

[Event "Early-Titled-Tuesday-Blitz-May-28-2024"]
[Site "Chess.com"]
[Date "2024.05.28"]
[Round "3"]
[White "GrotBchess"]
[Black "JJDAREK"]
[Result "1-0"]
[WhiteElo "2595"]
[BlackElo "2361"]
[TimeControl "180+1"]
[EndTime "8:28:28 PDT"]
[Termination "GrotBchess won on time"]

1. e4 d6 2. d4 Nf6 3. Nc3 g6 4.
Be3 a6 5. f4 Bg7 6. Nf3 b5 7.
a3 Bb7 8. Bd3 O-O 9. h3 Nbd7 10.
e5 Nd5 11. Nxd5 Bxd5 12. c3 c5 13. O-O cxd4 14. cxd4 Rc8 15. Qe2 Nb6 16. Rfc1 Qd7 17. Nd2 f6 18. exf6 Bxf6 19. Be4 Bxe4 20. Nxe4 Nd5 21.
Qd3 Kg7 22. Rf1 Rc4 23. b3 Rc6 24. Bd2 Rfc8 25. f5 gxf5 26. Ng3 e6 27. Rae1 Rc3 28.
Bxc3 Rxc3 29. Nh5+ Kf7 30. Nxf6 Kxf6 31. Qe2 Re3 32.
Qh5 Qg7 33. Rxe3 Nxe3 34. Rf2 Qg6 35. Qh4+ Kf7 36. Qf4 Nd1 37. Rc2 e5 38. dxe5 dxe5 39.
Qxe5 Qb6+ 40. Kh2 1-0

[Event "Early-Titled-Tuesday-Blitz-May-28-2024"]
[Site "Chess.com"]
[Date "2024.05.28"]
[Round "3"]
[White "simaopdias"]
[Black "JM05C"]
[Result "1-0"]
[WhiteElo "2255"]
[BlackElo "2542"]
[TimeControl "180+1"]
[EndTime "8:28:28 PDT"]
[Termination "simaopdias won by resignation"]

1. e4 c5 2. Nf3 d6 3. d4 cxd4 4. Nxd4 Nf6 5. Nc3 a6 6. Be2 e5 7.
Nf5 Nxe4 8. Nxg7+ Bxg7 9. Nxe4 d5 10. Ng5 h6 11. Nf3 Be6 12. O-O Nc6 13. Re1 Qf6 14. c3 O-O-O 15. Be3 Rhg8 16. Qa4 Bd7 17. Qa3 Bf8 18.
Qb3 Bg4 19. Kh1 Bxf3 20. Bxf3 e4 21. Be2 Bd6 22. Qxd5 Bxh2 23. Qxe4 Bc7 24. g3 Rde8 25. Qf3 Qg6 26. Kg2 Ne5 27. Qh5 Qc6+ 28. Kf1 Kb8 29. Rad1 f5 30. Bf4 Ng4 31. Bxc7+ Kxc7 32. Bxg4 Rxe1+ 33. Rxe1 fxg4 34. Qf7+ Kb6 35. Re6 1-0

[Event "Early-Titled-Tuesday-Blitz-May-28-2024"]
[Site "Chess.com"]
[Date "2024.05.28"]
[Round "3"]
[White "Mr_ruthless"]
[Black "enriquebutti"]
[Result "1-0"]
[WhiteElo "2469"]
[BlackElo "2091"]
[TimeControl "180+1"]
[EndTime "8:28:28 PDT"]
[Termination "Mr_ruthless won by resignation"]

1. d4 Nf6 2. c4 e6 3. Nf3 c5 4. d5 exd5 5. cxd5 d6 6. Nc3 g6 7. e4 a6 8. a4 Bg4 9. h3 Bxf3 10. Qxf3 Bg7 11. Bd3 O-O 12. O-O Nbd7 13. Bf4 Ne8 14. Qg3 Qe7 15. Rfe1 Ne5 16. Bf1 Nc7 17.
Kh1 Rab8 18. a5 b5 19. axb6 Rxb6 20. Na4 Rb4 21. Bd2 Rb7 22. f4 Nd7 23. Bc3 Nb5 24. Bxg7 Kxg7 25. e5 Nd4 26. Bxa6 Rb3 27. Nc3 Nc2 28.
Bc4 Rb4 29. exd6 Qxd6 30. Ne4 Qb6 31. Qc3+ Nf6 32. Ra6 Rxc4 33. Qxc4 Qxb2 34. Ra2 1-0

[Event "Early-Titled-Tuesday-Blitz-May-28-2024"]
[Site "Chess.com"]
[Date "2024.05.28"]
[Round "3"]
[White "Grischuk"]
[Black "Abund"]
[Result "1-0"]
[WhiteElo "3116"]
[BlackElo "2790"]
[TimeControl "180+1"]
[EndTime "8:28:29 PDT"]
[Termination "Grischuk won by checkmate"]

1. d4 d5 2. Nf3 Nf6 3. Bg5 Ne4 4.
Bh4 c5 5. e3 Qb6 6. Nc3 Qa5 7.
Bb5+ Nc6 8. O-O Nxc3 9. Bxc6+ bxc6 10. bxc3 Qxc3 11. Ne5 h5 12. Rb1 f6 13. Nxc6 cxd4 14. Nxd4 a6 15. Qf3 e6 16. h3 Bd6 17. Bg3 Be7 18. Rb6 Kf7 19. Rc6 Qa3 20. Rc7 g6 21.
Nc6 Re8 22. Bh4 Kf8 23. Bxf6 Bd6 24. Be5+ Kg8 25. Qf7# 1-0

[Event "Early-Titled-Tuesday-Blitz-May-28-2024"]
[Site "Chess.com"]
[Date "2024.05.28"]
[Round "3"]
[White "Engima32"]
[Black "Andrey_Klymchuk"]
[Result "1-0"]
[WhiteElo "2505"]
[BlackElo "2688"]
[TimeControl "180+1"]
[EndTime "8:28:31 PDT"]
[Termination "Engima32 won by resignation"]

1. d4 Nf6 2. Nf3 g6 3. g3 Bg7 4. Bg2 O-O 5. O-O d6 6. c4 Nbd7 7. Nc3 e5 8. h3 Re8 9. e4 c6 10. Be3 exd4 11. Nxd4 Nc5 12. Qc2 a5 13. Rfe1 a4 14.
Rad1 Qb6 15. f4 Qb4 16. b3 Nfd7 17. Rb1 axb3 18. axb3 Ra3 19. Na2 Qa5 20. b4 Qa4 21.
bxc5 dxc5 22. Qxa4 Rxa4 23. Nc3 Rxc4 24. Nde2 Rxc3 25.
Nxc3 Bxc3 26. Red1 f6 27. Rbc1 Bb4 28. Bd2 Kf7 29.
Kf2 Ke7 30. Ke3 Rd8 31. Bc3 Bxc3 32. Rxc3 b5 33. e5 fxe5 34. Bxc6 exf4+ 35. Kxf4 Rf8+ 36. Ke3 b4 37. Rcc1 Rf5 38. g4 Re5+ 39. Kf4 Re6 40. Bxd7 Bxd7 41. Rxc5 Rb6 42. Rc7 Rd6 43. Rxd6 Kxd6 44.
Rb7 1-0

[Event "Early-Titled-Tuesday-Blitz-May-28-2024"]
[Site "Chess.com"]
[Date "2024.05.28"]
[Round "3"]
[White "dmosesov"]
[Black "tomesao"]
[Result "1-0"]
[WhiteElo "2645"]
[BlackElo "2470"]
[TimeControl "180+1"]
[EndTime "8:28:31 PDT"]
[Termination "dmosesov won by resignation"]

1. Nf3 d5 2. c4 d4 3. d3 c5 4. e3 Nc6 5. exd4 cxd4 6. g3 e5 7. Bg2 Bd6 8. O-O Nf6 9. Bg5 h6 10. Bxf6 Qxf6 11. a3 a5 12. Nbd2 Qe7 13. Re1 O-O 14.
Rc1 f6 15. Nh4 Re8 16. Qh5 Qf7 17. Bf3 Qxh5 18. Bxh5 Rd8 19. c5 Bc7 20. Nc4 Be6 21.
Bf3 g5 22. Ng2 a4 23. Be4 Kg7 24. f4 Bxc4 25. Rxc4 Ra5 26. Re2 Rd7 27. Rf2 Re7 28. fxg5 hxg5 29. h4 Nd8 30. hxg5 fxg5 31. Ne1 Ne6 32. c6 b5 33. Rcc2 Bb6 34. Rf5 Raa7 35. Rxe5 Nc5 36. Rexc5 Bxc5 37. Rxc5 Rac7 38. Rxg5+ 1-0

[Event "Early-Titled-Tuesday-Blitz-May-28-2024"]
[Site "Chess.com"]
[Date "2024.05.28"]
[Round "3"]
[White "Iskusnyh"]
[Black "ChessAdvanceUSA"]
[Result "1/2-1/2"]
[WhiteElo "2611"]
[BlackElo "2453"]
[TimeControl "180+1"]
[EndTime "8:28:33 PDT"]
[Termination "Game drawn by repetition"]

1. d4 Nc6 2. Nf3 g6 3. Nc3 Bg7 4. e4 d6 5. h3 e5 6. Be3 exd4 7. Nxd4 Nge7 8. Qd2 O-O 9. O-O-O Nxd4 10. Bxd4 Be6 11.
Bxg7 Kxg7 12. g4 Nc6 13. f4 Qh4 14. Bg2 Rae8 15. Rhf1 f6 16. Kb1 Re7 17. Ne2 Bc4 18. Rfe1 Bxe2 19. Rxe2 g5 20. Rf1 h6 21. Ref2 Qg3 22.
e5 fxe5 23. Bxc6 bxc6 24. fxg5 Rxf2 25. gxh6+ Kh7 26. Qxf2 Qxf2 27. Rxf2 Kxh6 28. Rf5 Kg6 29. Kc1 Rf7 30. Rxf7 Kxf7 31. Kd2 d5 32. Ke3 e4 33.
Kf4 c5 34. c4 c6 35. h4 Kf6 36. h5 Kg7 37. g5 Kh7 38. b3 a5 39. Ke3 Kg7 40. Kf4 Kh7 41. Kg4 Kg7 42. Kh4 d4 43.
Kg3 d3 44. Kf2 d2 45. Ke2 e3 46. Kd1 Kf7 47. Ke2 Kg7 48. Kd1 Kh7 49. Ke2 Kg7 1/2-1/2

[Event "Early-Titled-Tuesday-Blitz-May-28-2024"]
[Site "Chess.com"]
[Date "2024.05.28"]
[Round "3"]
[White "NewBornNow"]
[Black "NovakRatko"]
[Result "1-0"]
[WhiteElo "2807"]
[BlackElo "2385"]
[TimeControl "180+1"]
[EndTime "8:28:34 PDT"]
[Termination "NewBornNow won by checkmate"]

1. e4 d5 2. exd5 c6 3. dxc6 Nxc6 4. Nf3 e5 5. Nc3 Bc5 6. Bb5 Ne7 7. d3 O-O 8. Bxc6 Nxc6 9. Be3 Bb4 10. O-O Bg4 11. h3 Bh5 12. Ne4 h6 13. Ng3 Bg6 14. a3 Bd6 15.
Ne4 Bh5 16. Ng3 Bg6 17. Re1 f5 18. Bd2 Qc7 19. b4 a6 20. Bc3 Rae8 21. Bb2 e4 22.
dxe4 Bxg3 23. fxg3 fxe4 24. Nh4 Qxg3 25. Qg4 Qxg4 26.
hxg4 Bh7 27. Rad1 g5 28. Nf5 Bxf5 29. gxf5 Rxf5 30. Rd6 e3 31. Rxh6 Rf2 32. Rh8+ Kf7 33. Rxe8 Rxc2 34. R8xe3 Rxb2 35. Rf3+ Kg6 36. Re6+ Kh5 37.
Re4 Rd2 38. Kh2 Nd4 39. Rf7 b5 40. Rf6 g4 41. Re5+ Kh4 42. Rh6# 1-0

[Event "Early-Titled-Tuesday-Blitz-May-28-2024"]
[Site "Chess.com"]
[Date "2024.05.28"]
[Round "3"]
[White "Manukyan_Artak"]
[Black "Navyblue1"]
[Result "1-0"]
[WhiteElo "2559"]
[BlackElo "2249"]
[TimeControl "180+1"]
[EndTime "8:28:34 PDT"]
[Termination "Manukyan_Artak won by resignation"]

1. e4 c5 2. Nf3 d6 3. Bb5+ Nd7 4. O-O a6 5. Bd3 g6 6. c3 Bg7 7. a4 e5 8. Bc4 Ne7 9. Bxf7+ Kxf7 10. Ng5+ Kg8 11.
Qb3+ d5 12. exd5 Qb6 13. Qa2 Qd6 14. c4 Nf6 15. Nc3 Bf5 16. f3 h6 17. Nge4 Nxe4 18. fxe4 Bd7 19. d3 Kh7 20. Be3 Rhf8 21. Qa3 Rxf1+ 22.
Rxf1 Rc8 23. a5 Ng8 24. Na4 Bxa4 25. Qxa4 Nf6 26. h3 h5 27. Qb3 Rc7 28. Rf3 Bh6 29. Bxh6 Kxh6 30. Qb6 Qxb6 31. axb6 Rf7 32. d4 cxd4 33. c5 Kg7 34. c6 bxc6 35. dxc6 Rf8 36. c7 d3 37. Rxd3 Nxe4 38. Rd8 Nc5 39. Rxf8 1-0

[Event "Early-Titled-Tuesday-Blitz-May-28-2024"]
[Site "Chess.com"]
[Date "2024.05.28"]
[Round "3"]
[White "eightbyeightchess"]
[Black "agvega14"]
[Result "1-0"]
[WhiteElo "2429"]
[BlackElo "2231"]
[TimeControl "180+1"]
[EndTime "8:28:34 PDT"]
[Termination "eightbyeightchess won by checkmate"]

1. e4 d5 2. exd5 Nf6 3. Bb5+ Bd7 4. Bc4 g6 5. d4 Bg7 6. Nf3 O-O 7. h3 b5 8. Bb3 a5 9. a3 a4 10. Ba2 Na6 11. O-O Bf5 12. Nc3 b4 13. axb4 Nxb4 14.
Bb1 Nfxd5 15. Nxd5 Qxd5 16. Bg5 f6 17. Bd2 Nc6 18. Ba2 Be6 19. Bxd5 Bxd5 20. Qe2 Rfb8 21. c4 Bf7 22. Bc3 Bf8 23. d5 Nb4 24. Nd4 Rb6 25. Bxb4 Rxb4 26. Nc6 Rb3 27. Nxe7+ Kg7 28. c5 Re8 29. d6 cxd6 30. cxd6 Rb7 31. Rxa4 Rd7 32. Rd1 Bxe7 33. dxe7 Rdxe7 34. Qc2 g5 35. Rad4 Bg6 36.
Qc3 Re2 37. Rd7+ Kh6 38. Qxf6 R2e6 39. Qg7+ Kh5 40. g4+ Kh4 41. Qh6+ Bh5 42. Qxh5# 1-0

[Event "Early-Titled-Tuesday-Blitz-May-28-2024"]
[Site "Chess.com"]
[Date "2024.05.28"]
[Round "3"]
[White "verrbaa"]
[Black "andrew-blr"]
[Result "0-1"]
[WhiteElo "2433"]
[BlackElo "2612"]
[TimeControl "180+1"]
[EndTime "8:28:38 PDT"]
[Termination "andrew-blr won on time"]

1. e4 c5 2. Nf3 e6 3. d4 cxd4 4. Nxd4 Bc5 5. Nb3 Bb6 6. c4 Ne7 7. Nc3 O-O 8. c5 Bc7 9. Be2 f5 10. Bg5 h6 11. Bxe7 Qxe7 12. exf5 Rxf5 13. O-O Na6 14. Nb5 Be5 15. Qc2 Nb4 16. Qc4 Nd5 17. Rad1 Bxb2 18. Bf3 Qg5 19. Kh1 Rf4 20. Qd3 Be5 21.
Bxd5 exd5 22. Qxd5+ Kh8 23. Rfe1 Rf5 24. Nd6 Bxd6 25.
Qxd6 Rf6 26. Re8+ Kh7 27. Qd5 Qxd5 28. Rxd5 Rxf2 29. Kg1 Rxa2 30. Nd4 Rd2 31. Rd6 b6 32. c6 dxc6 0-1

[Event "Early-Titled-Tuesday-Blitz-May-28-2024"]
[Site "Chess.com"]
[Date "2024.05.28"]
[Round "3"]
[White "Tol_Tol"]
[Black "SuperGPatzer"]
[Result "1-0"]
[WhiteElo "2377"]
[BlackElo "2023"]
[TimeControl "180+1"]
[EndTime "8:28:38 PDT"]
[Termination "Tol_Tol won on time"]

1. d4 c5 2. d5 h6 3. c4 g5 4.
Nc3 d6 5. e4 Bg7 6. Bd3 Bxc3+ 7. bxc3 Qa5 8. Ne2 Nf6 9. O-O Nbd7 10. f4 gxf4 11. Bxf4 Ne5 12. Bxe5 dxe5 13. Qe1 Bg4 14. Ng3 O-O-O 15. Be2 Bxe2 16. Qxe2 Qxc3 17. Nf5 Rd7 18. Rac1 Qa5 19. Nxe7+ Rxe7 20. Rxf6 h5 21. Rcf1 Qc3 22.
Rxf7 Qd4+ 23. Kh1 Rxf7 24. Rxf7 Kb8 25. h3 a6 26. Kh2 Rg8 27. Qxh5 Qxe4 28. Rxb7+ Kxb7 29.
Qf7+ Kb6 30. Qxg8 Qxc4 31. Qe6+ Ka5 32. Qxe5 Qxa2 33. d6 Qd2 34. Qxc5+ Ka4 35. Qc6+ Kb4 36. Qb7+ Kc3 37. Qc7+ Kb2 38. d7 a5 39. d8=Q 1-0

[Event "Early-Titled-Tuesday-Blitz-May-28-2024"]
[Site "Chess.com"]
[Date "2024.05.28"]
[Round "3"]
[White "vi_pranav"]
[Black "HamedWafa4"]
[Result "1-0"]
[WhiteElo "3043"]
[BlackElo "2768"]
[TimeControl "180+1"]
[EndTime "8:28:39 PDT"]
[Termination "vi_pranav won by resignation"]

1. e4 e5 2. Nf3 Nc6 3. Bb5 a6 4. Ba4 Nf6 5. O-O Be7 6. d3 b5 7. Bb3 d6 8. c3 O-O 9. a4 Bd7 10. Bc2 Re8 11. h3 h6 12. Re1 Bf8 13. Nbd2 Ne7 14.
Nf1 Ng6 15. Ng3 c5 16. d4 Bc6 17.
d5 Bd7 18. Be3 Nh7 19. Qd2 Be7 20. Ra2 Ng5 21. Nxg5 Bxg5 22. Rea1 Bxe3 23. fxe3 Qg5 24. Kh2 b4 25. Rf1 bxc3 26. bxc3 Nh4 27. Bd3 Reb8 28.
Qf2 Be8 29. a5 Rb3 30. Qc2 Rb7 31. Qd2 Rc7 32. Qe2 c4 33. Bxc4 Rxc4 34. Qxc4 Bb5 35. Qc7 Bxf1 36. Nxf1 Qf6 37. Ng3 g6 38. Rb2 h5 39. c4 Rd8 40. Rf2 Rd7 41. Qxd7 Qxf2 42. Qd8+ Kg7 43. Qxh4 Qxe3 44. Qxh5 Qc5 45. Qg4 Qxc4 46.
Nf5+ 1-0

[Event "Early-Titled-Tuesday-Blitz-May-28-2024"]
[Site "Chess.com"]
[Date "2024.05.28"]
[Round "3"]
[White "zubridis"]
[Black "eagleclaw07"]
[Result "0-1"]
[WhiteElo "2525"]
[BlackElo "2829"]
[TimeControl "180+1"]
[EndTime "8:28:39 PDT"]
[Termination "eagleclaw07 won on time"]

1. Nf3 Nf6 2. d4 g6 3. c4 Bg7 4. e3 O-O 5. Be2 d6 6. O-O Nbd7 7. Nc3 e5 8. b4 e4 9. Nd2 Re8 10. Qc2 Qe7 11. a4 Nf8 12. b5 h5 13. Ba3 h4 14.
Rfc1 h3 15. g3 N8h7 16. Nd5 Qd8 17. a5 Ng5 18. b6 axb6 19. axb6 cxb6 20. Bb4 Ra6 21.
Ra3 Bf5 22. Qa2 Bc8 23. Rxa6 bxa6 24. Qa3 Nxd5 25. cxd5 Bf8 26. Nc4 Qf6 27. Nxd6 Nf3+ 0-1

[Event "Early-Titled-Tuesday-Blitz-May-28-2024"]
[Site "Chess.com"]
[Date "2024.05.28"]
[Round "3"]
[White "SilverCityIndigo"]
[Black "frequentblunders"]
[Result "1-0"]
[WhiteElo "2422"]
[BlackElo "2226"]
[TimeControl "180+1"]
[EndTime "8:28:39 PDT"]
[Termination "SilverCityIndigo won by resignation"]

1. d4 e6 2. Nf3 c5 3. d5 Nf6 4. Nc3 g6 5. Bg5 d6 6. dxe6 Bxe6 7. Ne4 Be7 8. Nxd6+ Bxd6 9. Bxf6 Qxf6 10. Qxd6 Qxb2 11.
Rd1 Qc3+ 12. Nd2 Nc6 13. Qd3 Qa5 14. Qf3 Rd8 15. e3 Nb4 16. Bd3 Nxd3+ 17. cxd3 Rxd3 18. Ke2 c4 19. Ne4 O-O 20. Qf4 Qxa2+ 21. Kf3 Bd5 22. Kg3 f5 23. Nc3 Qa5 24. Rxd3 cxd3 25. Qe5 Rd8 26.
Rd1 Bc4 27. Qxa5 b6 28. Qxa7 Be6 29. Qxb6 1-0

[Event "Early-Titled-Tuesday-Blitz-May-28-2024"]
[Site "Chess.com"]
[Date "2024.05.28"]
[Round "3"]
[White "tusplingher"]
[Black "Eliwood44"]
[Result "0-1"]
[WhiteElo "2599"]
[BlackElo "2452"]
[TimeControl "180+1"]
[EndTime "8:28:40 PDT"]
[Termination "Eliwood44 won by checkmate"]

1. c4 Nf6 2. g3 e6 3. Bg2 d5 4.
Nf3 dxc4 5. Qa4+ Nbd7 6. Qxc4 a6 7. Qc2 c5 8. O-O Be7 9. d3 O-O 10. a4 Ra7 11. Nc3 b6 12. h3 Bb7 13. Be3 Qa8 14. Rfb1 Rc8 15. Qd1 Nd5 16. Nxd5 Bxd5 17. d4 c4 18. Ne1 b5 19. axb5 axb5 20. Rxa7 Qxa7 21. Bxd5 exd5 22. Ng2 Nf6 23. Bg5 Ne4 24. Bxe7 Qxe7 25.
Nf4 Qd6 26. Rc1 g6 27. e3 Rd8 28. Ra1 Qb4 29. Qc2 Qe7 30. Ra5 Qd7 31. Ra1 g5 32. Ng2 Qxh3 33. Qe2 Kg7 34. Qf3 Qe6 35. Ne1 Qf6 36. Qxf6+ Kxf6 37. Nc2 h5 38. Nb4 Rd6 39.
Ra8 h4 40. gxh4 gxh4 41. Rh8 Kg5 42. Rg8+ Kf5 43. Rh8 Ng5 44. Kf1 Kg4 45. Ke2 h3 46. Nc2 Ra6 47. Ne1 Ra2 48. Kf1 Rxb2 49. Rg8 f6 50. f4 h2 51. Rh8 Kg3 52. fxg5 Rf2# 0-1

[Event "Early-Titled-Tuesday-Blitz-May-28-2024"]
[Site "Chess.com"]
[Date "2024.05.28"]
[Round "3"]
[White "Sofia_Blokhin"]
[Black "Preobrazhenska_D2011"]
[Result "0-1"]
[WhiteElo "2262"]
[BlackElo "2516"]
[TimeControl "180+1"]
[EndTime "8:28:41 PDT"]
[Termination "Preobrazhenska_D2011 won by checkmate"]

1. d4 Nf6 2. c4 e6 3. Nc3 Bb4 4. e3 O-O 5. Bd3 d5 6. Ne2 b6 7. cxd5 exd5 8. f3 c5 9. O-O Re8 10. a3 Ba5 11. Bb5 Bd7 12. Bxd7 Qxd7 13. Na2 c4 14. b4 cxb3 15. Qxb3 b5 16. Nb4 Bc7 17. Nd3 a6 18. Nc5 Qd6 19. g3 Nbd7 20. Nxd7 Qxd7 21.
Bd2 h5 22. Rac1 h4 23. Kg2 Bd6 24. Rc2 Rac8 25. Rfc1 Rc4 26. Nc3 Qf5 27. a4 h3+ 28. Kf2 Ng4+ 29. Ke2 Nxh2 30. f4 Qg4+ 31. Kd3 Qg6+ 32.
Ke2 Qxg3 33. axb5 Qg2+ 34. Kd3 Qg6+ 35. Ke2 Rxd4 36. bxa6 Qg2+ 37. Kd1 Qf1# 0-1

[Event "Early-Titled-Tuesday-Blitz-May-28-2024"]
[Site "Chess.com"]
[Date "2024.05.28"]
[Round "3"]
[White "KVAIDAN"]
[Black "VacheH009"]
[Result "0-1"]
[WhiteElo "2321"]
[BlackElo "2547"]
[TimeControl "180+1"]
[EndTime "8:28:42 PDT"]
[Termination "VacheH009 won by checkmate"]

1. f4 d5 2. Nf3 g6 3. e3 Bg7 4. Be2 c5 5. O-O Nc6 6. d3 Nf6 7. Kh1 O-O 8. a4 b6 9. Ne5 Bb7 10. Nxc6 Bxc6 11. Qe1 Nd7 12. Qg3 f5 13. Bf3 e5 14. c4 exf4 15. exf4 Nf6 16. Nc3 Qd7 17. a5 d4 18. Bxc6 Qxc6 19. Na4 Rfe8 20. Bd2 Re2 21.
Rf2 Nh5 22. Rxe2 Nxg3+ 23. hxg3 b5 24. cxb5 Qxb5 25. Be1 Qxd3 26. Re7 Qb5 27. Rc7 Bf8 28. Kh2 c4 29. Bf2 d3 30. Bxa7 Qxa5 31. Bb6 Qb5 32. Bd4 Rxa4 33. Re1 Ra8 34. Bc3 Re8 35. Ra1 Re7 36. Rc8 Kf7 37. Ra5 Qd7 38. Rac5 Bg7 39. Bb4 d2 40. Bxd2 Qxd2 41. Rxc4 Bf6 42. b4 Re2 43.
R8c7+ Be7 44. Rc2 Rxg2+ 45. Kh3 Rh2# 0-1

[Event "Early-Titled-Tuesday-Blitz-May-28-2024"]
[Site "Chess.com"]
[Date "2024.05.28"]
[Round "3"]
[White "McCarthyStone"]
[Black "mr_gustavo"]
[Result "1-0"]
[WhiteElo "2447"]
[BlackElo "2720"]
[TimeControl "180+1"]
[EndTime "8:28:43 PDT"]
[Termination "McCarthyStone won by resignation"]

1. b3 e5 2. Bb2 Bd6 3. d4 exd4 4. Qxd4 Nf6 5. Nc3 O-O 6. O-O-O Nc6 7. Qh4 Be7 8. Qg3 Nh5 9. Qg4 Nf6 10. Qg3 g6 11.
h4 h5 12. e4 d6 13. Bc4 Kh7 14. Nf3 Ng4 15. Nd5 Be6 16. Nxe7 Qxe7 17. Ng5+ Kg8 18. Nxe6 fxe6 19. f3 Nge5 20. f4 Ng4 21. Be2 e5 22. Bxg4 exf4 23. Qc3 hxg4 24. Qh8+ Kf7 25. Qg7+ Ke8 26. Qxg6+ Qf7 27. Qxg4 Rg8 28. Qe2 Rg3 29. h5 Qh7 30. h6 Kf7 31. Qh5+ Ke7 32. Qh4+ Kd7 33. Qxf4 Rag8 34. Qf5+ Qxf5 35. exf5 Ne5 36. Bxe5 1-0

[Event "Early-Titled-Tuesday-Blitz-May-28-2024"]
[Site "Chess.com"]
[Date "2024.05.28"]
[Round "3"]
[White "Boundless_Strike"]
[Black "FlemingA"]
[Result "0-1"]
[WhiteElo "2628"]
[BlackElo "2479"]
[TimeControl "180+1"]
[EndTime "8:28:43 PDT"]
[Termination "FlemingA won by checkmate"]

1. d4 Nf6 2. Nc3 c5 3. Bg5 cxd4 4. Qxd4 Nc6 5. Qh4 e6 6. O-O-O Be7 7. e4 d6 8. f4 Qa5 9. Nf3 Bd7 10. Kb1 Rc8 11.
a3 h6 12. Be2 Rf8 13. Bxf6 Bxf6 14. Qe1 Bxc3 15. Qxc3 Qxc3 16. bxc3 Ke7 17. Rd4 Nxd4 18.
cxd4 Rc3 19. Kb2 Rfc8 20. Bd3 a6 21. e5 d5 22. Rd1 Ba4 23. Rd2 R3c6 24. Ne1 Rb6+ 25.
Ka1 Bb5 26. Ka2 Bc4+ 27. Bxc4 Rxc4 28. g3 Rbc6 29. Kb2 b5 30. Rd3 a5 31. c3 b4 32.
axb4 axb4 33. cxb4 Rxb4+ 34. Ka3 Rb1 35. Nf3 Ra6# 0-1

[Event "Early-Titled-Tuesday-Blitz-May-28-2024"]
[Site "Chess.com"]
[Date "2024.05.28"]
[Round "3"]
[White "CarlosjPineror"]
[Black "Azeryahu"]
[Result "1-0"]
[WhiteElo "2736"]
[BlackElo "2926"]
[TimeControl "180+1"]
[EndTime "8:28:44 PDT"]
[Termination "CarlosjPineror won by checkmate"]

1. e4 e5 2. Nf3 Nc6 3. Bb5 a6 4. Ba4 Nge7 5. d4 exd4 6. O-O Ng6 7. Bxc6 dxc6 8. Qxd4 Qxd4 9. Nxd4 Bd7 10. Nc3 O-O-O 11. Be3 Re8 12. a3 h5 13. f4 h4 14. Rae1 f6 15. h3 Rh5 16. Nf3 Bd6 17. Nd2 b5 18. b4 c5 19. f5 cxb4 20. axb4 Ne5 21. Nd5 Bc6 22. Nf4 Rhh8 23. c3 Kb7 24. Bd4 Nd7 25. Ng6 Rh5 26. Nf4 Rh7 27. Ng6 Bg3 28. Re2 Rh5 29. Nf4 Rh7 30. Ng6 Nf8 31. Nxf8 Rxf8 32. Nb3 Bd6 33. Na5+ Kc8 34. Nxc6 Kd7 35.
Na5 Rg8 36. e5 fxe5 37. Bxe5 Rf8 38. Bxd6 cxd6 39. Nb3 Rh5 40. Nd4 Rh6 41. Re3 Rf7 42. Rfe1 Rhf6 43. Re8 g6 44. fxg6 Rxg6 45. Ra8 Rfg7 46.
Ra7+ Kc8 47. Re8# 1-0

[Event "Early-Titled-Tuesday-Blitz-May-28-2024"]
[Site "Chess.com"]
[Date "2024.05.28"]
[Round "3"]
[White "chessdjw"]
[Black "Logman74"]
[Result "0-1"]
[WhiteElo "2780"]
[BlackElo "2532"]
[TimeControl "180+1"]
[EndTime "8:28:45 PDT"]
[Termination "Logman74 won by resignation"]

1. e4 c5 2. Nf3 d6 3. d4 cxd4 4.
Nxd4 Nf6 5. Nc3 Nc6 6. Bg5 e6 7. Qd2 Be7 8. O-O-O Nxd4 9. Qxd4 O-O 10. f4 Qa5 11.
Kb1 Rd8 12. Be2 Bd7 13. g4 Bc6 14. Bh4 Rac8 15. g5 Nd7 16. Rhg1 e5 17. Qd2 exf4 18. Nd5 Qxd2 19. Nxe7+ Kf8 20. Rxd2 Kxe7 21. g6+ f6 22. gxh7 Bxe4 23. Rxg7+ Ke6 24. Bg4+ Bf5 25. Bxf5+ Kxf5 26. b3 Ne5 27. Kb2 Nf3 28. Rd5+ Ke4 29. Rh5 Rh8 30. Bf2 Ne5 31. Bxa7 b5 32. Bb6 f3 33. Bf2 b4 34. Rh4+ Kd5 35. Rxb4 Ke6 36. Rd4 Rcd8 37. h3 Rd7 38. Re7+ Rxe7 39. a4 Rhxh7 40. a5 Rc7 41. a6 Rxh3 42. Rf4 Rh2 43. a7 Rc8 44. Rb4 Nd3+ 45. cxd3 Rxf2+ 46. Ka3 Ra8 47. Rb7 Rf1 48.
b4 Ra1+ 49. Kb2 R1xa7 50. Rb6 f2 0-1

[Event "Early-Titled-Tuesday-Blitz-May-28-2024"]
[Site "Chess.com"]
[Date "2024.05.28"]
[Round "3"]
[White "BeautiFullMindChess"]
[Black "lefonghua"]
[Result "1-0"]
[WhiteElo "2362"]
[BlackElo "2570"]
[TimeControl "180+1"]
[EndTime "8:28:48 PDT"]
[Termination "BeautiFullMindChess won by checkmate"]

1. e4 c5 2. Nf3 g6 3. h4 Nf6 4. e5 Ng4 5. d4 Nc6 6. h5 Bg7 7. hxg6 hxg6 8. Rxh8+ Bxh8 9. c3 cxd4 10. cxd4 d6 11. e6 Bxe6 12. Nc3 d5 13. Ng5 Bf5 14. f3 Nf6 15. g4 Bc8 16. Bb5 Qb6 17. Bxc6+ Qxc6 18. Bf4 Bd7 19. Rc1 Qb6 20. Qd2 Rc8 21.
Be5 Qa5 22. Kf1 Bg7 23. Nh3 Kf8 24. Nf4 e6 25. Kg2 Ne8 26. Kg3 Bxe5 27. dxe5 Rc4 28. Nd3 Rd4 29. Qh6+ Ke7 30. Nf4 Qb4 31. Qg5+ Kf8 32.
Nce2 Rc4 33. Rh1 f6 34. Nxg6+ Kg7 35. exf6+ Nxf6 36. Ne5+ Kf8 37. Qxf6+ Ke8 38. Qf7+ Kd8 39. Qxd7# 1-0